 Dungeon Crawl Stone Soup version 0.24.0-37-gcf1ca852f1 (webtiles) character file.

Game seed: 9543038568922471867, levelgen mode: deterministic

52 Ivernyr the Chiller (level 3, 0/18 HPs)
             Began as a Vine Stalker Ice Elementalist on Nov 26, 2019.
             Slain by a phantom (5 damage)
             ... on level 2 of the Dungeon.
             The game lasted 00:16:28 (2916 turns).

Ivernyr the Chiller (Vine Stalker Ice Elementalist) Turns: 2916, Time: 00:16:29

Health: 0/18       AC:  8    Str: 10    XL:     3   Next: 85%
Magic:  0/8        EV: 12    Int: 16    God:
Gold:   87         SH:  0    Dex: 14    Spells: 1/7 levels left

rFire    x . .     SeeInvis .   d - +0 club
rCold    + . .     Gourm    .   (no shield)
rNeg     . . .     Faith    .   a - +0 robe
rPois    .         Spirit   +   p - +0 helmet
rElec    .         Reflect  .   (no cloak)
rCorr    .         Harm     .   (no gloves)
MR       .....     Rnd*Tele +   (no boots)
Stlth    ++........             (no amulet)
HPRegen  0.06/turn              h - ring of teleportation (curse)
MPRegen  0.11/turn              l - ring of ice

@: icy armour
A: fangs 2, magic shield, antimagic bite, no potion heal 3, rot immunity
a: no special abilities


You were on level 2 of the Dungeon.
You were near starving.

You visited 1 branch of the dungeon, and saw 2 of its levels.

You collected 87 gold pieces.

Inventory:

Hand Weapons
 d - a +0 club (weapon)
Armour
 a - a +0 robe (worn)
 p - a +0 helmet (worn)
Jewellery
 h - a cursed ring of teleportation (left hand)
 l - a ring of ice (right hand)
Scrolls
 b - a scroll of enchant weapon {unknown}
 f - 4 scrolls of remove curse {unknown}
 g - a scroll of amnesia {unknown}
 i - a scroll of noise {unknown}
 k - 3 scrolls of teleportation {unknown}
 q - a scroll of identify {unknown}
Potions
 e - a potion of mutation {unknown}
 j - a potion of heal wounds {unknown}
 m - 2 potions of agility {unknown}
 n - a potion of invisibility {unknown}
 o - a potion of brilliance {unknown}
 r - a potion of haste {unknown}
Comestibles
 c - 4 rations


   Skills:
 + Level 1.2 Fighting
 - Level 1.5 Dodging
 - Level 2.4 Stealth
 + Level 2.7 Spellcasting
 + Level 1.1 Conjurations
 * Level 3.8 Ice Magic


You had one spell level left.
You knew the following spells:

 Your Spells              Type           Power        Failure   Level  Hunger
a - Freeze                Ice            ###.         4%          1    #......
b - Throw Frost           Conj/Ice       ###...       11%         2    ##.....
c - Ozocubu's Armour      Chrm/Ice       ##......     26%         3    ###....

Your spell library contained the following spells:

 Spells                   Type           Power        Failure   Level  Hunger
 Throw Icicle             Conj/Ice       ###.....     56%         4    #####..
 Summon Ice Beast         Ice/Summ       ##......     65%         4    #####..


Dungeon Overview and Level Annotations

Branches:
Dungeon (2/15)

Altars:


Innate Abilities, Weirdness & Mutations

You have extremely sharp teeth.
When hurt, damage is shared between your health and your magic reserves.
Your bite disrupts and absorbs the magic of your enemies.
Potions cannot restore your health.
You are immune to rotting.


Message History

You closely miss the phantom. You bite the phantom, but do no damage.
The phantom is heavily damaged.
The phantom misses you. The phantom closely misses you.
You hit the phantom.
The phantom is heavily damaged.
The phantom hits you.
* * * LOW HITPOINT WARNING * * *
You closely miss the phantom. Your bite misses the phantom.
The phantom is heavily damaged.
The phantom misses you.
You hit the phantom.
The phantom is severely damaged.
The phantom hits you but does no damage.
You hit the phantom.
The phantom is severely damaged.
The phantom hits you but does no damage. x2
You hit the phantom but do no damage.
The phantom is severely damaged.
The phantom hits you!
You die...

######.....[...#..#######...####.
...# #...........................
...###.........##.#######......##
.....#.........#......# #........
.....#.........#..###.# #......##
.....#########.#...##.# #........
.....# #.#.#.##.# #......##
.....# #.#W#..#.###......# #....#
#.#@##.#...#......# #....#
#.####..##.#......# #....#
#..........#......# #....#
#######..###......# #....#
########.###......# #....#
..........##.....ยง## #....#
..........##..#..... ######
.................... #
.........#.#........


You could see a phantom.

Vanquished Creatures
  2 oozes
  2 dart slugs (D:1)
  6 bats
  5 giant cockroaches
  3 goblins (D:1)
  5 hobgoblins
  3 jackals (D:1)
  6 kobolds (D:1)
  5 rats (D:1)
37 creatures vanquished.

Notes
Turn   | Place    | Note
-------+----------+-------------------------------------------
     0 | D:1      | Ivernyr the Vine Stalker Ice Elementalist began the quest
                  | for the Orb.
     0 | D:1      | Reached XP level 1. HP: 9/9 MP: 4/4
   298 | D:1      | Reached XP level 2. HP: 12/14 MP: 6/6
   342 | D:1      | Learned a level 2 spell: Throw Frost
   556 | D:1      | Reached XP level 3. HP: 14/17 MP: 0/7
   560 | D:1      | Reached skill level 1 in Fighting
   760 | D:1      | Learned a level 3 spell: Ozocubu's Armour
  1371 | D:2      | Noticed a phantom
  2916 | D:2      | Slain by a phantom

Levels and vault maps discovered:
D:1:      saegor_arrival_simple_b, layout_loops_ring, corner_web_ring,
          minmay_quantized
D:2:      layout_basic

Skill      XL: |  1  2  3 |
---------------+----------+-----
Fighting       | 1 |  1.2
Dodging        | |  1.5
Stealth        | |  2.4
Spellcasting   | |  2.7
Conjurations   | |  1.1
Ice Magic      | |  3.8

Action                   || total
-------------------------++-------
Melee: Unarmed           ||     9
       Club              ||   113
       Bite              ||    26
 Cast: Freeze            ||    38
       Ozocubu's Armour  ||     9
       Throw Frost       ||     5
 Stab: Sleeping          ||     3
  Eat: Chunk             ||     3
       Ration            ||     1
Armor: Robe              ||    35
Dodge: Dodged            ||    86
